 Dungeon Crawl Stone Soup version 0.20-a0-1017-gc3250ce (webtiles) character file.

7716 Magifyre the Blocker (level 11, -2/87 HPs)
             Began as a Formicid Fighter on Apr 16, 2017.
             Was a Believer of the Shining One.
             Slain by a fire elemental (3 damage)
             ... summoned by a deep elf mage
             ... on level 10 of the Dungeon.
             The game lasted 00:30:16 (8572 turns).

Magifyre the Blocker (Formicid Fighter)             Turns: 8572, Time: 00:30:17

Health: -2/87      AC: 22    Str: 20    XL:     11   Next: 42%
Magic:  15/15      EV:  6    Int:  9    God:    the Shining One [**....]
Gold:   399        SH: 14    Dex: 13    Spells: 10/10 levels left

rFire    . . .     SeeInvis +   M - +3 battleaxe
rCold    . . .     Gourm    .   c - +0 shield
rNeg     + . .     Faith    .   g - +1 plate armour {MR+}
rPois    .         Spirit   .   (helmet unavailable)
rElec    .         Reflect  +   i - +2 cloak
rCorr    +         Harm     .   (no gloves)
MR       ++...                  C - +0 pair of boots
Stlth    ..........             u - +2 amulet of reflection
Regen    0.3/turn               z - +3 ring of protection
MPRegen  0.2/turn               a - ring of resist corrosion

@: liquid flames, glowing
A: permanent stasis, dig shafts and tunnels, four strong arms, antennae 3
a: Dig, Shaft Self, Divine Shield, Renounce Religion


You were on level 10 of the Dungeon.
You worshipped the Shining One.
The Shining One was pleased with you.
You were hungry.

You visited 2 branches of the dungeon, and saw 11 of its levels.
You also visited: Sewer and Ossuary.

You collected 399 gold pieces.

Inventory:

Hand Weapons
 M - a +3 battleaxe (weapon)
Missiles
 n - 6 tomahawks (quivered)
Armour
 c - a +0 shield (worn)
 g - a +1 plate armour of magic resistance (worn)
 i - a +2 cloak (worn)
 C - a +0 pair of boots (worn)
 P - the +0 ring mail of Inevitability {*Slow rPois rC+ Regen+}
   (You found it on level 8 of the Dungeon)

   It protects you from cold.
   It protects you from poison.
   It increases your rate of regeneration.
   It may slow you when you take damage.
Jewellery
 a - a ring of resist corrosion (right hand)
 u - a +2 amulet of reflection (around neck)
 z - a +3 ring of protection (left hand)
Wands
 p - a wand of acid (7/15)
 r - a wand of iceblast (7/15)
 E - a wand of flame (34/48)
 O - a wand of disintegration (12/24)
Scrolls
 b - 5 scrolls of remove curse
 e - a scroll of fear
 s - 2 scrolls of enchant armour {unknown}
 v - a scroll of brand weapon {unknown}
 w - 4 scrolls of fog
 y - 3 scrolls of recharging {unknown}
 G - a scroll of silence {unknown}
 H - a scroll of noise {unknown}
 I - a scroll of amnesia {unknown}
 L - 2 scrolls of random uselessness {unknown}
Potions
 d - 5 potions of might
 j - 2 potions of resistance
 k - a potion of agility
 q - 4 potions of curing
 t - 2 potions of brilliance {unknown}
 x - 8 potions of lignification
 B - 2 potions of flight {unknown}
 D - 2 potions of degeneration {unknown}
 F - 4 potions of ambrosia {unknown}
 J - 2 potions of experience {unknown}
 N - a potion of cancellation {unknown}
Books
 A - a book of Changes

   Spells                             Type                      Level
   a - Beastly Appendage              Transmutation                1
   b - Sticks to Snakes               Transmutation                2
   c - Spider Form                    Transmutation/Poison         3
   d - Ice Form                       Ice/Transmutation            4
   e - Blade Hands                    Transmutation                5
Comestibles
 f - 6 bread rations
 l - 6 fruits
 m - 8 chunks of flesh
 o - 5 meat rations


   Skills:
 + Level 8.7 Fighting
 * Level 9.9 Axes
 + Level 8.8 Armour
 + Level 10.2 Shields
 + Level 5.7 Invocations


You had 10 spell levels left.
You didn't know any spells.

Dungeon Overview and Level Annotations

Branches:
Dungeon (10/15)            Temple (1/1) D:4            Lair (0/6) D:9
    Orc: D:9-12

Altars:
Ashenzari
Cheibriados
Dithmenos
Elyvilon
Fedhas
Gozag
Hepliaklqana
Kikubaaqudgha
Makhleb
Nemelex Xobeh
Okawaru
Qazlal
Ru
Sif Muna
Trog
Uskayaw
Vehumet
Wu Jian
Xom
Yredelemnul
Zin
The Shining One

Annotations:
D:4 exclusion: statue


Innate Abilities, Weirdness & Mutations

You cannot be hasted, slowed, berserked, paralysed or teleported.
You can dig through walls and to a lower floor.
Your four strong arms can wield two-handed weapons with a shield.
You have a pair of large antennae on your head. (SInv)


Message History

The fire elemental hits you. The fire elemental burns you!
* * * LOW HITPOINT WARNING * * *
You feel much better.
You are covered in liquid flames!
* * * LOW HITPOINT WARNING * * *
You block the fire elemental's attack. The fire elemental hits you.
The fire elemental burns you!
* * * LOW HITPOINT WARNING * * *
You block the fire elemental's attack. The fire elemental hits you.
The fire elemental burns you!
* * * LOW HITPOINT WARNING * * *
You retract your mandibles.
You are feeling hungry.
You slash the fire elemental!
The fire elemental is almost destroyed.
You slash the fire elemental! You hit the fire elemental.
You are covered in liquid flames!
* * * LOW HITPOINT WARNING * * *
The fire elemental hits you. The fire elemental burns you!
You die...

#+# .. . #.......#
.####.# #.......#
##...... #.......#
##.....{. #.......#
###...# #.......#
#..E).# #.......#
#.##@.#
#.......###.##EE#
+.......'...##5e#
#.......######...ยง
##..##### ##...
####..## ##.#
#......# .#
##......# .#
<'......#


You could see a deep elf mage, 3 fire elementals and a crimson imp.

Vanquished Creatures
  A two-headed ogre (D:8)
  The ghost of YTcomUltraviolent4 the Cleaver, a novice DDGl of Makhleb (D:9)
  Pikel (D:7)
  Maurice (D:8)
  Sigmund (D:5)
  6 yaks (D:9)
  A water moccasin (D:9)
  4 porcupines
  Duvessa (D:7)
  Purgy (Sewer)
  4 phantoms
  2 ice beasts
  2 sky beasts
  2 orc warriors (D:9)
  3 ogres
  A necrophage (D:9)
  A centaur (D:6)
  An elf zombie (Ossuary)
  2 bullfrogs
  Dowan (D:7)
  2 wyvern skeletons
  2 scorpions
  2 water moccasin skeletons
  5 killer bees (D:8)
  3 wights
  3 crimson imps
  4 centaur zombies (Ossuary)
  2 human zombies (Ossuary)
  A quasit (D:9)
  A centaur skeleton (D:7)
  5 hounds
  4 jellies
  Crazy Yiuf (D:7)
  2 orc priests
  3 bullfrog skeletons
  Jessica (D:2)
  2 iguanas
  4 orc wizards
  Natasha (thrice) (D:3)
  7 worker ants
  A big kobold zombie (Ossuary)
  A hound skeleton (D:5)
  2 mummies (Ossuary)
  A howler monkey zombie (D:5)
  10 adders
  12 gnolls
  2 oozes
  2 adder skeletons (D:7)
  An adder zombie (Ossuary)
  3 worms
  3 dart slugs (D:1)
  5 leopard geckos
  9 orcs
  4 giant cockroaches
  9 hobgoblins
  11 jackals
  4 quokkas
  5 ball pythons
  8 bats
  9 frilled lizards
  2 gnoll zombies (D:7)
  5 goblins
  11 hobgoblin zombies (Ossuary)
  13 kobolds
  7 kobold zombies (Ossuary)
  A leopard gecko skeleton (D:5)
  9 orc zombies (Ossuary)
  A quokka skeleton (D:4)
  A quokka zombie (D:4)
  9 rats
  2 rat zombies
  A bush (D:1)
258 creatures vanquished.

Vanquished Creatures (others)
  A centaur (D:8)
1 creature vanquished.

Grand Total: 259 creatures vanquished

Notes
Turn   | Place    | Note
-------+----------+-------------------------------------------
     0 | D:1      | Magifyre the Formicid Fighter began the quest for the Orb.
     0 | D:1      | Reached XP level 1. HP: 18/18 MP: 1/1
    29 | D:1      | You fall through a shaft!
    83 | D:2      | Found a glowing silver altar of Zin.
   139 | D:2      | Noticed Jessica
   148 | D:2      | Killed Jessica
   148 | D:2      | Reached skill level 4 in Shields
   148 | D:2      | Reached XP level 2. HP: 21/25 MP: 2/2
   148 | D:2      | Reached XP level 3. HP: 25/30 MP: 3/3
   211 | D:2      | Noticed a dagger
   211 | D:2      | Noticed a hand axe
   215 | D:2      | Found a hide-covered altar of Uskayaw.
   436 | D:1      | Reached XP level 4. HP: 29/37 MP: 4/4
  1548 | D:3      | Reached XP level 5. HP: 41/42 MP: 5/5
  1557 | D:3      | Noticed Natasha
  1584 | D:3      | Killed Natasha
  1584 | D:3      | Reached skill level 5 in Shields
  1589 | D:3      | HP: 2/43 [gnoll/halberd (1)]
  2074 | D:3      | Reached XP level 6. HP: 44/49 MP: 6/6
  2300 | D:3      | Noticed Natasha
  2309 | D:3      | Killed Natasha
  2428 | D:3      | Noticed Natasha
  2445 | D:3      | Killed Natasha
  2559 | D:4      | Noticed a phantom
  2587 | D:4      | Killed a phantom
  2587 | D:4      | Reached skill level 5 in Fighting
  2587 | D:4      | Reached XP level 7. HP: 39/56 MP: 7/7
  2605 | D:4      | Reached skill level 6 in Shields
  2685 | D:4      | Reached skill level 5 in Armour
  2811 | D:4      | Found a sand-covered staircase.
  2866 | Ossuary  | Entered an ossuary
  3042 | Ossuary  | Reached XP level 8. HP: 41/63 MP: 8/8
  3344 | D:4      | Found a blossoming altar of Fedhas.
  3441 | D:4      | Reached skill level 7 in Shields
  3476 | D:4      | Found a radiant altar of Vehumet.
  3505 | D:4      | Found a staircase to the Ecumenical Temple.
  3576 | Temple   | Entered the Ecumenical Temple
  3586 | Temple   | Became a worshipper of the Shining One
  3733 | D:5      | Entered Level 5 of the Dungeon
  3759 | D:5      | Found a shattered altar of Ashenzari.
  3992 | D:5      | Found a hazy altar of Hepliaklqana.
  4158 | D:5      | Found an ancient bone altar of Kikubaaqudgha.
  4308 | D:5      | Reached skill level 5 in Axes
  4606 | D:5      | Noticed Sigmund
  4629 | D:5      | Killed Sigmund
  4629 | D:5      | Reached XP level 9. HP: 50/71 MP: 9/9
  4851 | D:6      | Found a glowing drain.
  4880 | Sewer    | Entered a sewer
  4898 | Sewer    | Noticed Purgy
  4916 | Sewer    | Killed Purgy
  5211 | D:6      | Reached skill level 8 in Shields
  5350 | D:6      | Found an opulent altar of Gozag.
  5494 | D:6      | Reached * piety under the Shining One
  5691 | D:7      | Found a burning altar of Makhleb.
  5736 | D:7      | You fall through a shaft for 2 floors!
  6034 | D:8      | Got a scorched ring mail
  6045 | D:8      | Identified the cursed +0 ring mail of Inevitability {*Slow rPois rC+ Regen+} (You found it on level 8 of the Dungeon)
  6123 | D:8      | Noticed Maurice
  6291 | D:7      | Noticed Duvessa
  6292 | D:7      | Noticed Dowan
  6299 | D:7      | Killed Duvessa
  6299 | D:7      | Reached skill level 1 in Invocations
  6299 | D:7      | Reached XP level 10. HP: 79/79 MP: 10/10
  6301 | D:7      | Killed Dowan
  6323 | D:7      | Noticed Pikel
  6326 | D:7      | Killed Pikel
  6502 | D:7      | Reached ** piety under the Shining One
  6579 | D:7      | Found a basalt altar of Yredelemnul.
  6675 | D:7      | Found a runed door.
  6679 | D:7      | Noticed Crazy Yiuf
  6688 | D:7      | Killed Crazy Yiuf
  6852 | D:7      | Found a stormy altar of Qazlal.
  6986 | D:8      | Reached skill level 9 in Shields
  7069 | D:8      | Noticed a two-headed ogre
  7070 | D:8      | Killed Maurice
  7080 | D:8      | Killed a two-headed ogre
  7442 | D:9      | Reached XP level 11. HP: 64/86 MP: 10/14
  7478 | D:9      | Noticed YTcomUltraviolent4's ghost (novice DDGl)
  7658 | D:8      | Reached skill level 5 in Invocations
  7687 | D:9      | Killed YTcomUltraviolent4's ghost
  7687 | D:9      | Reached skill level 10 in Shields
  7729 | D:9      | Found a shimmering altar of Xom.
  7733 | D:9      | Noticed an angel
  7735 | D:9      | Found a glowing silver altar of Zin.
  7943 | D:9      | Found a staircase to the Lair.
  8466 | D:10     | Entered Level 10 of the Dungeon
  8557 | D:10     | Noticed a deep elf mage
  8569 | D:10     | HP: 2/87 [deep elf mage/bolt of fire (18)]
  8572 | D:10     | Slain by a fire elemental

Vault maps used:
D:1:      eino_arrival_cavern_e, serial_forest, infiniplex_forest_zigzag_1,
          infiniplex_forest_lined_4_way, infiniplex_forest_lined_room_,
          infiniplex_forest_zigzag_2, infiniplex_forest_clump_long,
          infiniplex_forest_clump_double, infiniplex_forest_clump_tiny
D:2:      dancing_weapons_uskayaw, lemuel_tele_altar, uniq_jessica
D:3:      minmay_distorted, uniq_natasha
D:4:      overflow_temple_1_default, vehumet_statue,
          minmay_temple_entry_glassed_door, enter_ossuary_4,
          minmay_misc_feat_square, st_stairs_7
D:5:      marbit_many_paths, ashenzari_altar_1, first_bread, basic_altar,
          minmay_misc_feat_cross, uniq_sigmund
D:6:      gup_sewer_entry_pipe, grunt_decor_mini_mirrors,
          grunt_gozag_breadcrumbs
D:7:      cheibrodos_helix_gallery, kennysheep_mini,
          lemuel_zombie_altar_yredelemnul, bloody_makhleb,
          uniq_crazy_yiuf_cottage, uniq_pikel, uniq_duvessa
D:8:      uniq_maurice
D:9:      grunt_temple_overflow_order_and_chaos_1,
          grunt_lair_entry_orc_guard_hut
D:10:     hangedman_stone_soup, kennysheep_generic_room_15, uniq_grum
Temple:   nicolae_temple_x_marks_the_god
Sewer:    kennysheep_door_sewer
Ossuary:  ossuary_tomb_1

Skill      XL: |  1  2  3  4  5  6  7  8  9 10 11 |
---------------+----------------------------------+-----
Shields        | 4 5 6 7 8 9 10 | 10.2
Fighting       | 4 5 6 7 8 |  8.7
Armour         | 4 5 6 7 8 |  8.8
Axes           | 3 4 5 7 9 |  9.9
Invocations    | 1 4 5 |  5.7

Action                   |  1- 3 |  4- 6 |  7- 9 | 10-12 || total
-------------------------+-------+-------+-------+-------++-------
Melee: War axe           |    47 |   319 |   518 |       ||   884
       Battleaxe         |       |       |    14 |   220 ||   234
Invok: Divine Shield     |       |       |       |     3 ||     3
 Abil: Dig               |       |       |       |     1 ||     1
  Use: Scroll            |       |       |     8 |     3 ||    11
       Potion            |       |       |       |     2 ||     2
  Eat: Chunk             |       |     6 |    14 |     7 ||    27
Armor: Scale mail        |     7 |       |       |       ||     7
       Chain mail        |    17 |   129 |   225 |       ||   371
       Ring mail         |       |       |     7 |       ||     7
       Plate armour      |       |       |     2 |    93 ||    95
Dodge: Dodged            |    14 |    67 |   130 |    39 ||   250
Block: Shield            |    28 |   199 |   317 |   137 ||   681
       Reflection        |       |     1 |     6 |     3 ||    10
